 Dungeon Crawl Stone Soup version 0.28-a0-861-ge64d6db94f (webtiles) character file.

Game seed: 206591407999713396

432 Twinkles the Ducker (level 6, 0/28 HPs)
             Began as a Spriggan Chaos Knight on Nov 16, 2021.
             Was a Plaything of Xom.
             Slain by a centaur (8 damage)
             ... on level 5 of the Dungeon.
             The game lasted 00:30:44 (5581 turns).

Twinkles the Ducker (Spriggan Chaos Knight)         Turns: 5581, Time: 00:30:44

Health: 0/28       AC:  4    Str: 10    XL:     6   Next: 67%
Magic:  0/7        EV: 19    Int: 14    God:    Xom [..*...]
Gold:   255        SH:  0    Dex: 14    Spells: 5/5 levels left

rFire   . . .      SeeInvis +   a - +0 short sword (chaos)
rCold   . . .      Faith    .   (shield restricted)
rNeg    . . .      Spirit   +   f - +2 robe
rPois   .          Reflect  .   (helmet restricted)
rElec   .          Harm     .   (no cloak)
rCorr   .          Rampage  .   (gloves unavailable)
Will    +....                   (boots unavailable)
Stlth   +++.......              m - amulet of guardian spirit
HPRegen 0.09/turn               (no ring)
MPRegen 0.10/turn               (no ring)

@: very quick
A: very small, no large weapons, unfitting armour, see invisible, speed 3, frail
1, wild magic 1
a: Renounce Religion


You were on level 5 of the Dungeon.
You worshipped Xom.
You were a toy of Xom.
You visited 1 branch of the dungeon, and saw 5 of its levels.

You collected 255 gold pieces.

Inventory:

Hand Weapons
 a - a +0 short sword of chaos (weapon)
 b - a +0 dagger of flaming
 c - a +0 hunting sling
 u - a +0 dagger of freezing
 v - a +0 hand crossbow
Missiles
 p - 38 sling bullets
 s - 179 stones (quivered)
 w - 25 bolts
 x - 33 poisoned darts
 y - 3 atropa-tipped darts
Armour
 f - a +2 robe (worn)
 l - a +0 cloak
Magical Staves
 n - a staff of fire
Jewellery
 m - an amulet of guardian spirit (around neck)
Wands
 d - a wand of digging (5)
 e - a wand of charming (10)
 i - a wand of iceblast (7)
 j - a wand of polymorph (12)
Scrolls
 h - a scroll of amnesia {unknown}
 o - a scroll of holy word {unknown}
 t - a scroll of noise {unknown}
 z - a scroll of enchant weapon {unknown}
 A - 4 scrolls of fear {unknown}
 F - a scroll of fog
 Y - 2 scrolls of teleportation
 Z - a scroll of identify
Potions
 g - a potion of invisibility {unknown}
 k - a potion of ambrosia {unknown}
 J - 2 potions of curing
 M - 2 potions of might
Miscellaneous
 r - a piece from Xom's chessboard (15/15)


   Skills:
 - Level 2.4 Fighting
 + Level 5.2 Short Blades
 + Level 5.8 Dodging
 + Level 5.7 Stealth
 + Level 2.9 Evocations


You had 5 spell levels left.
You didn't know any spells.
Your spell library contained the following spells:

 Spells                   Type           Power      Damage    Failure   Level
 Gell's Gravitas          Tloc           0%         N/A       73%         3
 Lesser Beckoning         Tloc           0%         N/A       73%         3
 Summon Guardian Golem    Hex/Summ       0%         N/A       73%         3
 Teleport Other           Tloc           0%         N/A       73%         3
 Orb of Destruction       Conj           0%         N/A       100%        7
 Spellforged Servitor     Conj/Summ      0%         N/A       100%        7


Dungeon Overview and Level Annotations

Branches:
Dungeon (5/15)
 Temple: D:4-7

Altars:
Fedhas
Xom

Annotations:
D:4 exclusion: downstairs
D:5 Grinder, Menkaure


Innate Abilities, Weirdness & Mutations

You are very small and have problems with some larger weapons.
You are too small for most types of armour.
You have supernaturally acute eyesight. (SInv)
You cover ground extremely quickly. (Speed+++)
You are frail. (-10% HP)
Your spells are a little harder to cast, but a little more powerful.


Message History

The centaur hits you. The centaur kicks you.
You barely miss the centaur.
The centaur is heavily wounded.
The centaur barely misses you. The centaur closely misses you.
The centaur hits you. The centaur completely misses you.
You hit the centaur but do no damage.
The centaur is heavily wounded.
The centaur misses you. The centaur barely misses you.
You completely miss the centaur.
The centaur is heavily wounded.
The centaur barely misses you. The centaur kicks you.
Grinder blinks!
You hit the centaur but do no damage.
The centaur seems to grow stronger.
Xom is highly amused!
The centaur is heavily wounded.
The centaur hits you.
The centaur kicks you but does no damage.
You hit the centaur.
You feel better.
The centaur is heavily wounded.
The centaur misses you. The centaur kicks you. The centaur misses you.
The centaur completely misses you.
You barely miss the centaur.
The centaur is heavily wounded.
The centaur closely misses you. The centaur kicks you.
You hit the centaur.
The centaur is severely wounded.
The centaur closely misses you. The centaur misses you.
You hit the centaur but do no damage.
The centaur easily resists.
The centaur is severely wounded.
The centaur closely misses you. The centaur misses you.
You hit the centaur.
The centaur flickers and vanishes for a moment.
The centaur is severely wounded.
The centaur hits you. The centaur misses you.
Grinder blinks!
The centaur hits you!
* * * LOW HITPOINT WARNING * * *
The centaur completely misses you.
You hit the centaur but do no damage.
The centaur is severely wounded.
The centaur hits you!
You die...

###################
........#.......@.#
#######.#.#######c#
#.#[# (#
#######.#.# ยง#
..........# ...#
#######.#####.....#
#.....'......
#######....## ..5


You could see a centaur (strong, invisible, poisoned).

Vanquished Creatures
  A phantom (D:4)
  Blork the orc (D:4)
  A scorpion (D:4)
  Ijyb (D:3)
  A hound skeleton (D:4)
  3 adders
  A shadow imp (D:5)
  A worm (D:3)
  5 dart slugs
  6 orcs
  6 ball pythons
  4 endoplasms
  6 giant cockroaches
  11 goblins
  7 hobgoblins
  7 jackals
  2 quokkas
  2 bats
  8 frilled lizards
  10 kobolds
  3 rats
87 creatures vanquished.

Vanquished Creatures (collateral kills)
  A scorpion (D:4)
1 creature vanquished.

Grand Total: 88 creatures vanquished

Notes
Turn   | Place    | Note
-------+----------+-------------------------------------------
     0 | D:1      | Twinkles the Spriggan Chaos Knight began the quest for the
                  | Orb.
     0 | D:1      | Reached XP level 1. HP: 11/11 MP: 2/2
    32 | D:1      | XOM: divination: detect creatures
   165 | D:1      | XOM: silly message
   189 | D:1      | Reached skill level 1 in Stealth
   226 | D:1      | HP: 2/11 [jackal (3)]
   236 | D:1      | Reached XP level 2. HP: 3/16 MP: 3/3
   382 | D:1      | HP: 1/16 [frozen (5)]
   464 | D:1      | HP: 1/16 [frozen (3)]
   562 | D:1      | XOM: divination: detect items
   564 | D:1      | HP: 2/16 [goblin (3)]
   674 | D:1      | XOM: silly message
   800 | D:1      | HP: 3/16 [frozen (4)]
  1364 | D:1      | Reached XP level 3. HP: 19/19 MP: 4/4
  1510 | D:2      | XOM: give mutation
  1510 | D:2      | Gained mutation: You are frail. (-10% HP) [Xom's mischief]
  1566 | D:2      | XOM: give mutation
  1566 | D:2      | Gained mutation: Your spells are a little harder to cast,
                  | but a little more powerful. [Xom's grace]
  2094 | D:2      | XOM: polymorph quokka -> endoplasm
  2173 | D:2      | Reached XP level 4. HP: 19/20 MP: 5/5
  2654 | D:3      | XOM: 8-stop teleportation journey
  2697 | D:3      | Found a blossoming altar of Fedhas.
  3110 | D:3      | Noticed Ijyb
  3133 | D:3      | XOM: enchant monster (good)
  3138 | D:3      | Killed Ijyb
  3155 | D:3      | XOM: god gift: hunting sling {god gift}
  3357 | D:3      | Found a faded altar of an unknown god.
  3385 | D:3      | XOM: cloud trail
  3507 | D:3      | Found a shimmering altar of Xom.
  3860 | D:3      | XOM: god gift: scale mail {god gift}
  3964 | D:4      | Reached XP level 5. HP: 19/24 MP: 6/6
  4236 | D:4      | XOM: smoke on damage
  4387 | D:4      | XOM: confuse monster(s)
  4388 | D:4      | XOM: polymorph quokka -> ball python
  4402 | D:4      | Reached skill level 5 in Dodging
  4402 | D:4      | Reached skill level 1 in Evocations
  4624 | D:4      | Noticed Blork the orc
  4624 | D:4      | XOM: summons friendly iron imp
  4628 | D:4      | XOM: enchant monster (good)
  4636 | D:4      | Killed Blork the orc
  4637 | D:4      | Reached skill level 5 in Stealth
  4637 | D:4      | Reached XP level 6. HP: 19/28 MP: 5/7
  4788 | D:4      | XOM: divination: magic mapping
  4877 | D:4      | Reached skill level 5 in Short Blades
  4959 | D:4      | XOM: cast spell 'Summon Hydra'
  5106 | D:4      | XOM: silly message
  5358 | D:5      | Entered Level 5 of the Dungeon
  5368 | D:5      | Noticed Menkaure
  5547 | D:5      | Noticed Grinder
  5580 | D:5      | HP: 8/28 [centaur (6)]
  5581 | D:5      | Slain by a centaur

Illustrated notes

Levels and vault maps discovered:
D:1:      lordsloth_arrival_two_stooges, layout_basic
D:2:      layout_basic
D:3:      kennysheep_goblin_castle, layout_basic, mainiacjoe_overflow_catwalk,
          xom_butterflies, hellmonk_ecumenical_altar_arch_garden, hex_large,
          uniq_ijyb
D:4:      layout_loops_corners, eino_small_chamber_without_monster,
          uniq_blork_the_orc
D:5:      layout_basic, minmay_temple_entry_glass, serial_shops,
          nicolae_shop_stone, hex_medium, minivault_25, uniq_menkaure,
          uniq_grinder

Skill      XL: |  1  2  3  4  5  6 |
---------------+-------------------+-----
Stealth        | 1 2 3 4 5 |  5.7
Dodging        | 4 5 |  5.8
Short Blades   | 4 5 |  5.2
Evocations     | 2 |  2.9
Fighting       | |  2.4

Action                   |  1- 3 |  4- 6 || total
-------------------------+-------+-------++-------
Melee: Short sword       |   169 |   171 ||   340
 Fire: Hunting sling     |       |     5 ||     5
Throw: Stone             |     3 |     1 ||     4
  Use: Scroll            |       |     4 ||     4
 Stab: Sleeping          |     6 |     7 ||    13
       Paralysed         |     1 |       ||     1
       Petrified         |     1 |     5 ||     6
       Confused          |     1 |     2 ||     3
       Distracted        |       |     1 ||     1
Armor: Robe              |    19 |    15 ||    34
       Skin              |       |    17 ||    17
Dodge: Dodged            |   109 |   134 ||   243

Table legend: (Time is in decaauts)
 A = Elapsed time spent in this place.
 B = Non-inter-level travel time spent in this place.
 C = Inter-level travel time spent in this place.
 D = Time resting spent in this place.
 E = Time spent auto-exploring this place.
 F = Levels seen in this place.
 G = Mean time per level.
                   A        B        C        D        E       F      G
               +--------+--------+--------+--------+--------+-----+--------+
         Total |   4160 |   3856 |    304 |    221 |   2759 |   5 |  832.0 |
       Dungeon |   4160 |   3856 |    304 |    221 |   2759 |   5 |  832.0 |
               +--------+--------+--------+--------+--------+-----+--------+

Top non-repeatable levels by time:
     D:1: 1198 daAuts
     D:4: 1046 daAuts
     D:3: 920 daAuts
     D:2: 858 daAuts
     D:5: 136 daAuts
